 Dungeon Crawl Stone Soup version 0.30-a0-800-g7c544603b3 (webtiles) character file.

Game seed: 5367894272913671613

1067 cheesebisquit the Cleaver (level 8, -3/70 HPs)
             Began as a Hill Orc Fighter on Feb 22, 2023.
             Was an Initiate of Yredelemnul.
             Engulfed by a steam dragon's steam (5 damage)
             ... on level 6 of the Dungeon.
             The game lasted 00:12:59 (4398 turns).

cheesebisquit the Cleaver (Hill Orc Fighter)        Turns: 4398, Time: 00:13:00

Health: -3/70      AC: 11    Str: 21    XL:     8   Next: 28%
Magic:  0/8        EV:  7    Int:  8    God:    Yredelemnul [......]
Gold:   190        SH:  6    Dex: 16    Spells: 7/7 levels left

rFire   . . .      SeeInvis .    a - +0 war axe
rCold   . . .      Faith    .    c - +0 buckler
rNeg    . . .      Spirit   +    e - +0 chain mail
rPois   .          Reflect  .    (no helmet)
rElec   .          Harm     .    (no cloak)
rCorr   .          Rampage  .    y - +0 pair of gloves
Will    .....                    (no boots) Stlth
                                 z - amulet of guardian spirit
HPRegen 0.31/turn                p - ring of wizardry
MPRegen 0.11/turn                q - +6 ring of dexterity

@: no status effects
A: no striking features
a: Renounce Religion, Recall Undead Harvest


You were on level 6 of the Dungeon.
You worshipped Yredelemnul.
Yredelemnul was noncommittal.
You visited 2 branches of the dungeon, and saw 7 of its levels.

You collected 190 gold pieces.

Inventory:

Hand Weapons
 a - a +0 war axe (weapon)
 s - a +0 hand axe of flaming
Missiles
 i - 5 poisoned darts (quivered)
 A - 3 silver boomerangs
Armour
 c - a +0 buckler (worn)
 e - a +0 chain mail (worn)
 y - a +0 pair of gloves (worn)
Jewellery
 p - a ring of wizardry (left hand)
 q - a +6 ring of dexterity (right hand)
 z - an amulet of guardian spirit (around neck)
Wands
 l - a wand of paralysis (15)
Scrolls
 b - a scroll of poison {unknown}
 g - 3 scrolls of enchant armour {unknown}
 j - a scroll of amnesia {unknown}
 n - 2 scrolls of identify
 t - a scroll of teleportation {unknown}
 v - a scroll of silence {unknown}
 w - a scroll of enchant weapon {unknown}
 x - a scroll of torment {unknown}
Potions
 d - 2 potions of might
 f - a potion of flight {unknown}
 h - 2 potions of degeneration {unknown}
 k - 3 potions of curing
 m - 3 potions of cancellation {unknown}
 o - 2 potions of attraction {unknown}
 r - a potion of lignification {unknown}
 u - a potion of resistance {unknown}


   Skills:
 + Level 6.1 Fighting
 * Level 8.3 Axes
 + Level 5.6 Armour
 + Level 5.6 Shields


You had 7 spell levels left.
You didn't know any spells.
Your spell library contained the following spells:

 Spells                   Type           Power      Damage    Failure   Level
 Blink                    Tloc           0%         N/A       93%         2
 Ensorcelled Hibernation  Hex/Ice        0%         N/A       93%         2
 Lesser Beckoning         Tloc           0%         N/A       93%         2
 Momentum Strike          Conj/Tloc      0%         3d8       93%         2
 Metabolic Englaciation   Hex/Ice        0%         N/A       100%        5
 Eringya's Noxious Bog    Tmut/Pois      0%         N/A       100%        6
 Ozocubu's Refrigeration  Ice            0%         4d7       100%        7


Dungeon Overview and Level Annotations

Branches:
Dungeon (6/15)             Temple (1/1) D:5

Altars:
Ashenzari
Dithmenos
Elyvilon
Fedhas
Gozag
Hepliaklqana
Kikubaaqudgha
Nemelex Xobeh
Qazlal
Sif Muna
Trog
Uskayaw
Vehumet
Wu Jian
Xom
Yredelemnul
Zin

Shops:
D:6 :

Annotations:
D:6 Dowan


Message History

The steam dragon is heavily wounded.
Dowan casts a spell.
Dowan blinks!
The steam dragon breathes steam at you. The ball of steam hits you!
Your orc wizard zombie is engulfed in a cloud of scalding steam.
Your orc wizard zombie hits the steam dragon but does no damage.
You hear an angry growl.
You are engulfed in a cloud of scalding steam.
The steam dragon bites you! The steam dragon claws you.
Your orc wizard zombie is engulfed in a cloud of scalding steam.
Your orc wizard zombie is destroyed!
Things that are here:
a +0 short sword; a +0 leather armour; a wand of flame (18)
You hit the steam dragon but do no damage.
The steam dragon is heavily wounded.
The steam dragon bites you!
* * * LOW HITPOINT WARNING * * *
The steam dragon claws you but does no damage.
Dowan says, "Magic will overcome all!"
You hit the steam dragon.
The steam dragon is heavily wounded.
The steam dragon breathes steam at you. The ball of steam hits you!!
* * * LOW HITPOINT WARNING * * *
Dowan says, "Magic will overcome all!"
You hear an angry hiss. x2; You hear a shout! x2
Dowan attacks as you move away! You block Dowan's attack.
The steam dragon bites you.
* * * LOW HITPOINT WARNING * * *
The steam dragon claws you but does no damage.
There is a stone staircase leading down, spattered with blood here.
Okay, then.
Okay, then.
As you read the scroll labelled NYSCHI IXESHRAU, it crumbles to dust.
It is a scroll of identify.
k - 3 potions of curing You are engulfed in a cloud of scalding steam.
You die...
Your body rises from the dead as a mindless zombie.

.. #.####
# ##..# #.
$....# #.#
.#... #...
#...#
#.:###..#
#....D.#
#.§#@e##
##..§§#
###§§#
##§§#
#...#
#..## #..#
#..#
#######..#
#


You could see a steam dragon (catching breath) and Dowan (fast).

Vanquished Creatures
  Duvessa (D:6)
  A black bear (D:4)
  4 phantoms (D:5)
  A scorpion (D:4)
  A howler monkey (D:4)
  3 jellies
  An orc priest (D:4)
  3 hounds
  2 iguanas
  3 orc wizards
  2 adders (D:2)
  A shadow imp (D:5)
  4 worms
  2 dart slugs
  21 orcs
  6 endoplasms
  6 goblins
  6 hobgoblins
  4 jackals (D:4)
  2 quokkas
  8 ball pythons
  5 bats
  2 frilled lizards
  5 kobolds
  6 rats
100 creatures vanquished.

Vanquished Creatures (others)
  A jelly zombie (D:6)
  5 orc zombies (D:6)
  A fungus (D:1)
  2 plants (D:1)
9 creatures vanquished.

Grand Total: 109 creatures vanquished

Notes
Turn   | Place    | Note
-------+----------+-------------------------------------------
     0 | D:1      | cheesebisquit the Hill Orc Fighter began the quest for the
                  | Orb.
     0 | D:1      | Reached XP level 1. HP: 19/19 MP: 1/1
    65 | D:1      | Found a faded altar of an unknown god.
   134 | D:1      | Reached skill level 3 in Axes
   151 | D:1      | Reached XP level 2. HP: 24/27 MP: 2/2
   298 | D:1      | Got the Omnibus of Flesh and Frost
   655 | D:2      | Reached XP level 3. HP: 33/33 MP: 3/3
   925 | D:2      | Reached skill level 4 in Axes
   941 | D:2      | Reached XP level 4. HP: 36/40 MP: 4/4
  1809 | D:3      | Found a stormy altar of Qazlal.
  2105 | D:4      | Noticed a scorpion
  2117 | D:4      | Killed a scorpion
  2118 | D:4      | Reached XP level 5. HP: 33/47 MP: 5/5
  2226 | D:4      | Reached skill level 5 in Axes
  2301 | D:4      | Noticed a black bear
  2316 | D:4      | Killed a black bear
  2317 | D:4      | Reached XP level 6. HP: 43/53 MP: 6/6
  2380 | D:4      | Found a blossoming altar of Fedhas.
  2386 | D:4      | Found a white marble altar of Elyvilon.
  2389 | D:4      | Found a broken altar of Ashenzari.
  2392 | D:4      | Found an opulent altar of Gozag.
  2644 | D:4      | Reached skill level 6 in Axes
  2782 | D:4      | Reached skill level 5 in Fighting
  2918 | D:4      | Found an ornate altar of the Wu Jian Council.
  3084 | D:4      | Reached XP level 7. HP: 60/61 MP: 7/7
  3173 | D:5      | Entered Level 5 of the Dungeon
  3228 | D:5      | Reached skill level 5 in Armour
  3285 | D:5      | Reached skill level 7 in Axes
  3285 | D:5      | Reached skill level 5 in Shields
  3679 | D:5      | Found a staircase to the Ecumenical Temple.
  3709 | Temple   | Entered the Ecumenical Temple
  3798 | Temple   | Became a worshipper of Yredelemnul the Dark
  3905 | D:5      | Found a shadowy altar of Dithmenos.
  3977 | D:5      | Reached XP level 8. HP: 70/70 MP: 8/8
  4067 | D:5      | Reached * piety under Yredelemnul
  4313 | D:6      | Reached skill level 8 in Axes
  4357 | D:6      | Found Iselinn's Book Emporium.
  4377 | D:6      | Noticed Dowan
  4379 | D:6      | Noticed Duvessa
  4387 | D:6      | Killed Duvessa
  4396 | D:6      | HP: 2/70 [steam dragon/ball of steam (18)]
  4398 | D:6      | Engulfed by a steam dragon's steam

Illustrated notes

Levels and vault maps discovered:
D:1:      mainiacjoe_arrival_reflecting_pool, layout_rooms, serial_curves,
          eino_curves_03, eino_curves_04, dreamdust_ecumenical_altar_grove
D:2:      layout_rooms
D:3:      layout_basic, nicolae_overflow_hidden_temple, nicolae_hexahallways
D:4:      layout_gridville, grunt_temple_overflow_cloverleaf,
          mainiacjoe_overflow_24_doors
D:5:      layout_loops_ring, lemuel_crystal_altar, temple_green,
          mumra_transporter_accident
D:6:      layout_loops_ring, mainiacjoe_overflow_alcove_4,
          okawaru_metal_pillars_1_2, serial_shops, nicolae_shop_behind_doors,
          minmay_bent, uniq_duvessa, uniq_crazy_yiuf_cottage
Temple:   zaba_magenta_temple

Skill      XL: |  1  2  3  4  5  6  7  8 |
---------------+-------------------------+-----
Axes           | 3 4 5 6 7 8 |  8.3
Fighting       | 4 5 6 |  6.1
Armour         | 4 5 |  5.6
Shields        | 4 5 |  5.6

Action                     |  1- 3 |  4- 6 |  7- 9 || total
---------------------------+-------+-------+-------++-------
  Melee: War axe           |    82 |   118 |   115 ||   315
    Use: Potion            |       |     3 |       ||     3
         Scroll            |       |       |     1 ||     1
   Stab: Distracted        |       |       |     1 ||     1
 Armour: Chain mail        |    48 |    90 |    61 ||   199
         Scale mail        |     3 |       |       ||     3
  Dodge: Dodged            |    25 |    49 |    31 ||   105
  Block: Buckler           |    20 |    41 |    15 ||    76

Table legend: (Time is in decaauts)
 A = Elapsed time spent in this place.
 B = Non-inter-level travel time spent in this place.
 C = Inter-level travel time spent in this place.
 D = Time resting spent in this place.
 E = Time spent auto-exploring this place.
 F = Levels seen in this place.
 G = Mean time per level.
                   A        B        C        D        E       F      G
               +--------+--------+--------+--------+--------+-----+--------+
         Total |   4481 |   4135 |    346 |      0 |   3303 |   7 |  640.1 |
       Dungeon |   4374 |   4078 |    296 |      0 |   3253 |   6 |  729.0 |
        Temple |    106 |     56 |     50 |      0 |     50 |   1 |  106.0 |
               +--------+--------+--------+--------+--------+-----+--------+

Top non-repeatable levels by time:
     D:4: 1180 daAuts
     D:5: 988 daAuts
     D:3: 935 daAuts
     D:2: 612 daAuts
     D:1: 551 daAuts
  Temple: 106 daAuts
     D:6: 106 daAuts
